 Dungeon Crawl Stone Soup version 0.28-a0-726-g4a9143789a (webtiles) character file.

Game seed: 4689687630235825469

1240 Sunscream the Caller (level 8, -1/58 HPs)
             Began as a Gnoll Summoner on Oct 27, 2021.
             Was an Initiate of Sif Muna.
             Slain by a shadow (8 damage)
             ... on level 5 of the Dungeon.
             The game lasted 01:19:11 (7398 turns).

Sunscream the Caller (Gnoll Summoner)               Turns: 7398, Time: 01:19:11

Health: -1/58      AC:  6    Str: 10    XL:     8   Next: 49%
Magic:  2/17       EV: 13    Int: 15    God:    Sif Muna [......]
Gold:   179        SH:  0    Dex: 12    Spells: 8/19 levels left

rFire   . . .      SeeInvis .   f - +0 scythe (flame)
rCold   . . .      Faith    .   (shield currently unavailable)
rNeg    . . .      Spirit   .   p - +0 leather armour
rPois   .          Reflect  .   (no helmet)
rElec   .          Harm     .   s - +0 cloak {Will+}
rCorr   .          Rampage  .   h - +1 pair of gloves
Will    +....                   (no boots)
Stlth   +++.......              (no amulet)
HPRegen 0.19/turn               (no ring)
MPRegen 0.15/turn               (no ring)

@: no status effects
A: fangs 1, strong nose, distributed training
a: Renounce Religion


You were on level 5 of the Dungeon.
You worshipped Sif Muna.
Sif Muna was noncommittal.
You visited 1 branch of the dungeon, and saw 5 of its levels.

You collected 317 gold pieces.
You spent 138 gold pieces at shops.

Inventory:

Hand Weapons
 b - a +0 trident
 c - a +2 quarterstaff of chaos
 f - a +0 scythe of flaming (weapon)
 m - a +0 dagger
Missiles
 g - 105 stones
 j - 67 sling bullets
 o - 5 boomerangs
Armour
 a - a +0 robe
 h - a +1 pair of gloves (worn)
 p - a +0 leather armour (worn)
 s - a +0 cloak of willpower (worn)
Jewellery
 k - an amulet of guardian spirit
 n - a ring of ice
Wands
 e - a wand of acid (7)
Potions
 d - 5 potions of curing
 r - a potion of haste
 t - a potion of degeneration {unknown}


   Skills:
 + Level 3.3 Fighting
 + Level 3.3 Short Blades
 + Level 3.3 Long Blades
 + Level 3.3 Axes
 + Level 3.3 Maces & Flails
 + Level 3.3 Polearms
 + Level 3.3 Staves
 + Level 3.3 Slings
 + Level 3.3 Bows
 + Level 3.3 Crossbows
 + Level 3.3 Throwing
 + Level 3.3 Armour
 + Level 5.7 Dodging
 + Level 5.4 Stealth
 + Level 3.3 Shields
 + Level 3.3 Unarmed Combat
 + Level 6.0 Spellcasting
 + Level 2.7 Conjurations
 + Level 2.7 Hexes
 + Level 7.6 Summonings
 + Level 2.7 Necromancy
 + Level 2.7 Translocations
 + Level 2.7 Transmutations
 + Level 2.7 Fire Magic
 + Level 2.7 Ice Magic
 + Level 2.7 Air Magic
 + Level 2.7 Earth Magic
 + Level 2.7 Poison Magic
 + Level 3.6 Invocations
 + Level 3.3 Evocations


You had 8 spell levels left.
You knew the following spells:

 Your Spells              Type           Power      Damage    Failure   Level
a - Summon Small Mammal   Summ           100%       N/A       1%          1
b - Call Imp              Summ           27%        N/A       1%          2
c - Call Canine Familiar  Summ           27%        N/A       2%          3
d - Animate Skeleton      Necr           24%        N/A       6%          1
e - Pain                  Necr           48%        1d6       6%          1
f - Summon Guardian Gole  Hex/Summ       20%        N/A       7%          3

Your spell library contained the following spells:

 Spells                   Type           Power      Damage    Failure   Level
 Vampiric Draining        Necr           6%         2d6       19%         3
 Summon Lightning Spire   Summ/Air       20%        N/A       22%         4


Dungeon Overview and Level Annotations

Branches:
Dungeon (5/15)
 Temple: D:4-7

Altars:
Dithmenos
Gozag
Hepliaklqana
Ru
Sif Muna
Trog

Shops:
D:3 ![***


Innate Abilities, Weirdness & Mutations

You have very sharp teeth.
Your uncanny sense of smell can sniff out nearby items.
Your experience applies equally to all skills.


Message History

Your guardian golem overheats!
The orc priest calls down the wrath of Beogh upon you.
Beogh smites you!
* * * LOW HITPOINT WARNING * * *
The orc priest mumbles some strange prayers to Beogh against you.
You resist with some effort.
Found a scroll of identify.
Something hits your quokka!
Your quokka dies!
Your quokka's corpse disappears in a puff of smoke!
Flame seeps out of your guardian golem. Flame seeps out of your guardian golem.
You are too injured to fight recklessly!
You are too injured to fight recklessly!
You are too injured to fight recklessly!
Casting: Summon Small Mammal (safe; 1% risk of failure)
Confirm with . or Enter, or press ? or * to list all spells.
Your guardian golem is engulfed in blazing flames.
Flame seeps out of your guardian golem. The orc priest hits you with a +0 club.
* * * LOW HITPOINT WARNING * * *
You are too injured to fight recklessly!
Your hound bites the orc priest.
You closely miss the orc priest.
The orc priest is lightly wounded.
Your guardian golem disappears in a puff of smoke!
Your hound closely misses the orc priest.
The orc priest completely misses you.
Your hound bites the orc priest.
You barely miss the orc priest.
You bite the orc priest, but do no damage.
The orc priest is moderately wounded.
Your hound bites the orc priest.
The orc priest miscasts a cantrip.
The gnoll shaman utters an invocation to its god.
The gnoll shaman is healed somewhat.
Your hound barely misses the orc priest.
The orc priest mumbles some strange prayers to Beogh against you.
Beogh smites you!
* * * LOW HITPOINT WARNING * * *
You feel better.
Your hound bites the orc priest.
The orc priest closely misses you. The shadow hits you!
You die...

......? #..∆ # ## .......
#.#####... ###.##. .......
.........#####...#.. #...... #..
...#.. ......... ..#..... #.#
#........#...... #..#.....##.#
#..####.........
#.#.#.....#..###.##......#.....
#{# #..####.§.W......#....#.....
#o# #........§ho@................
g###..#......g.....##..#....#<...
5.#..##....r.##.##.##............
##..# #......##.###.###..........
g..## ######.##.##..# #......)...
#o## ##°##.#P#.###....)..... #9#
#gh#####.###....##..... #.# #.##
#.^.^P#....##.....
#.#########.####..P.^#....##...>.


You could see a shadow, a gnoll shaman, an orc priest (ally target), a friendly
hound (summoned) and a friendly rat (summoned).

Vanquished Creatures
  An ogre (D:5)
  A phantom (D:4)
  An orc priest (D:5)
  An orc wizard (D:5)
  A hound skeleton (D:5)
  An adder skeleton (D:4)
  5 orcs
  2 endoplasms
  4 giant cockroaches
  A goblin (D:4)
  3 hobgoblins
  4 jackals
  3 quokkas
  A frilled lizard (D:3)
  A kobold (D:2)
  A rat (D:3)
31 creatures vanquished.

Vanquished Creatures (collateral kills)
  Sigmund (D:4)
  A black bear (D:3)
  An ice beast (D:4)
  An ogre (D:3)
  A centaur (D:5)
  A scorpion (D:5)
  A howler monkey (D:5)
  A bullfrog zombie (D:4)
  An orc priest (D:3)
  2 hounds
  Crazy Yiuf (D:2)
  An orc wizard (D:4)
  2 hound skeletons
  6 adders
  An ufetubus (D:5)
  A worm (D:3)
  8 orcs
  A bat (D:1)
  11 endoplasms
  2 giant cockroaches (D:1)
  6 hobgoblins
  3 jackals
  4 kobolds
  2 quokkas
  7 ball pythons
  2 frilled lizards
  4 goblins
  A rat (D:2)
74 creatures vanquished.

Vanquished Creatures (others)
  An iguana (D:4)
  An orc wizard (D:3)
  5 plants (D:3)
7 creatures vanquished.

Grand Total: 112 creatures vanquished

Notes
Turn   | Place    | Note
-------+----------+-------------------------------------------
     0 | D:1      | Sunscream the Gnoll Summoner began the quest for the Orb.
     0 | D:1      | Reached XP level 1. HP: 13/13 MP: 6/6
   240 | D:1      | Reached XP level 2. HP: 19/19 MP: 5/7
   243 | D:1      | Learned a level 2 spell: Call Imp
  1067 | D:1      | Reached XP level 3. HP: 25/25 MP: 3/9
  1221 | D:1      | Reached skill level 5 in Spellcasting
  1686 | D:2      | Reached skill level 1 in Invocations
  1810 | D:2      | Learned a level 3 spell: Call Canine Familiar
  2035 | D:2      | Learned a level 1 spell: Animate Skeleton
  2037 | D:2      | Learned a level 1 spell: Pain
  2231 | D:2      | Found a runed translucent door.
  2361 | D:2      | Reached skill level 1 in Fighting
  2361 | D:2      | Reached skill level 1 in Short Blades
  2361 | D:2      | Reached skill level 1 in Long Blades
  2361 | D:2      | Reached skill level 1 in Axes
  2361 | D:2      | Reached skill level 1 in Maces & Flails
  2361 | D:2      | Reached skill level 1 in Polearms
  2361 | D:2      | Reached skill level 1 in Staves
  2361 | D:2      | Reached skill level 1 in Slings
  2361 | D:2      | Reached skill level 1 in Bows
  2361 | D:2      | Reached skill level 1 in Crossbows
  2361 | D:2      | Reached skill level 1 in Throwing
  2361 | D:2      | Reached skill level 1 in Armour
  2361 | D:2      | Reached skill level 1 in Shields
  2361 | D:2      | Reached skill level 1 in Unarmed Combat
  2361 | D:2      | Reached skill level 1 in Evocations
  2361 | D:2      | Reached XP level 4. HP: 32/32 MP: 7/11
  3182 | D:2      | Reached skill level 1 in Conjurations
  3182 | D:2      | Reached skill level 1 in Hexes
  3182 | D:2      | Reached skill level 1 in Necromancy
  3182 | D:2      | Reached skill level 1 in Translocations
  3182 | D:2      | Reached skill level 1 in Transmutations
  3182 | D:2      | Reached skill level 1 in Fire Magic
  3182 | D:2      | Reached skill level 1 in Ice Magic
  3182 | D:2      | Reached skill level 1 in Air Magic
  3182 | D:2      | Reached skill level 1 in Earth Magic
  3182 | D:2      | Reached skill level 1 in Poison Magic
  3244 | D:2      | Noticed Crazy Yiuf
  3285 | D:2      | Killed Crazy Yiuf
  3286 | D:2      | Reached XP level 5. HP: 5/37 MP: 0/12
  3643 | D:3      | Found Esuelyfi's Assorted Antiques.
  3692 | D:3      | Found Ugearu's Assorted Antiques.
  3745 | D:3      | Noticed an ogre
  3771 | D:3      | Killed an ogre
  3827 | D:3      | Bought a trident for 112 gold pieces
  3959 | D:3      | Reached XP level 6. HP: 41/44 MP: 7/13
  4001 | D:3      | Found Bituamim's General Store.
  4224 | D:3      | Learned a level 3 spell: Summon Guardian Golem
  4366 | D:3      | Reached skill level 5 in Dodging
  4418 | D:3      | Found Sarphasch's Antique Armour Boutique.
  4422 | D:3      | Noticed a black bear
  4445 | D:3      | Killed a black bear
  4824 | D:3      | Found a shadowy altar of Dithmenos.
  4839 | D:3      | Found Deholuva's Distillery.
  5040 | D:3      | Bought a scroll of identify for 26 gold pieces
  5318 | D:4      | Reached XP level 7. HP: 21/50 MP: 9/15
  5813 | D:4      | Found an opulent altar of Gozag.
  6190 | D:4      | Found a bloodstained altar of Trog.
  6240 | D:4      | Noticed Sigmund
  6276 | D:5      | Entered Level 5 of the Dungeon
  6328 | D:4      | Killed Sigmund
  6329 | D:4      | Reached skill level 5 in Stealth
  6497 | D:4      | Found a shimmering blue altar of Sif Muna.
  6574 | D:4      | Became a worshipper of Sif Muna the Loreminder
  6721 | D:4      | Reached XP level 8. HP: 45/57 MP: 5/16
  7030 | D:5      | Found a hazy altar of Hepliaklqana.
  7192 | D:5      | Found a sacrificial altar of Ru.
  7342 | D:5      | Noticed a shadow
  7397 | D:5      | HP: 2/58 [orc priest/divine providence (12)]
  7398 | D:5      | Slain by a shadow

Illustrated notes

Levels and vault maps discovered:
D:1:      lemuel_arrival_river_bridge, layout_loops_corners, minmay_tetromino_i4
D:2:      layout_basic, serial_aquarium, aquarium_bridge_square
          [aquarium_subvault_bridge, aquarium_subvault_bridge,
          aquarium_subvault_wall, aquarium_subvault_wall], aquarium_window_fake,
          aquarium_window_1, aquarium_window_1, aquarium_view_2c,
          aquarium_view_2e, aquarium_balcony_double_3, minmay_tripent,
          uniq_crazy_yiuf_cottage
D:3:      layout_basic, nicolae_dithmenos_through_a_glass_darkly, serial_shops,
          nicolae_shop_overgrown_old_shop, shop, nicolae_diamond_shop,
          shop_coins, nicolae_shop_crystal
D:4:      layout_layer_cave, mainiacjoe_overflow_tiny_flanked,
          kennysheep_mini_moat, kennysheep_orc_sif_temple, uniq_sigmund
D:5:      layout_rooms, nicolae_overflow_crystal_walls,
          nemelex_spade_bored_becter, mainiacjoe_overflow_paths,
          nicolae_ru_the_path_less_chosen, lemuel_doored_altar,
          minmay_manual_mail

Skill      XL: |  1  2  3  4  5  6  7  8 |
---------------+-------------------------+-----
Spellcasting   | 5 6 |  6.0
Invocations    | 1 2 3 |  3.6
Fighting       | 1 2 3 |  3.3
Short Blades   | 1 2 3 |  3.3
Long Blades    | 1 2 3 |  3.3
Axes           | 1 2 3 |  3.3
Maces & Flails | 1 2 3 |  3.3
Polearms       | 1 2 3 |  3.3
Staves         | 1 2 3 |  3.3
Slings         | 1 2 3 |  3.3
Bows           | 1 2 3 |  3.3
Crossbows      | 1 2 3 |  3.3
Throwing       | 1 2 3 |  3.3
Armour         | 1 2 3 |  3.3
Shields        | 1 2 3 |  3.3
Unarmed Combat | 1 2 3 |  3.3
Evocations     | 1 2 3 |  3.3
Conjurations   | 1 2 |  2.7
Hexes          | 1 2 |  2.7
Necromancy     | 1 2 |  2.7
Translocations | 1 2 |  2.7
Transmutations | 1 2 |  2.7
Fire Magic     | 1 2 |  2.7
Ice Magic      | 1 2 |  2.7
Air Magic      | 1 2 |  2.7
Earth Magic    | 1 2 |  2.7
Poison Magic   | 1 2 |  2.7
Dodging        | 5 |  5.7
Stealth        | 5 |  5.4
Summonings     | |  7.6

Action                   |  1- 3 |  4- 6 |  7- 9 || total
-------------------------+-------+-------+-------++-------
Melee: Quarterstaff      |     8 |     7 |       ||    15
       Bite              |     2 |     3 |     2 ||     7
       Unarmed           |     1 |       |       ||     1
       Dagger            |    18 |    20 |       ||    38
       Punch             |     1 |       |       ||     1
       Trident           |       |    48 |    19 ||    67
       Scythe            |       |       |    40 ||    40
 Cast: Summon Small Mamm |    48 |     8 |    16 ||    72
       Call Imp          |    15 |    15 |    12 ||    42
       Call Canine Famil |     1 |    23 |    16 ||    40
       Animate Skeleton  |     1 |    10 |     6 ||    17
       Summon Guardian G |       |     8 |     8 ||    16
  Use: Scroll            |       |     4 |     3 ||     7
       Potion            |       |     1 |     3 ||     4
 Stab: Sleeping          |       |     6 |     1 ||     7
Armor: Robe              |     2 |       |       ||     2
       Leather armour    |     6 |    11 |    30 ||    47
       Ring mail         |     2 |       |       ||     2
Dodge: Dodged            |    26 |    26 |    73 ||   125

Table legend: (Time is in decaauts)
 A = Elapsed time spent in this place.
 B = Non-inter-level travel time spent in this place.
 C = Inter-level travel time spent in this place.
 D = Time resting spent in this place.
 E = Time spent auto-exploring this place.
 F = Levels seen in this place.
 G = Mean time per level.
                   A        B        C        D        E       F      G
               +--------+--------+--------+--------+--------+-----+--------+
         Total |   7471 |   6683 |    788 |    983 |   4130 |   5 | 1494.2 |
       Dungeon |   7471 |   6683 |    788 |    983 |   4130 |   5 | 1494.2 |
               +--------+--------+--------+--------+--------+-----+--------+

Top non-repeatable levels by time:
     D:2: 2054 daAuts
     D:4: 1689 daAuts
     D:1: 1556 daAuts
     D:3: 1547 daAuts
     D:5: 624 daAuts
